 Dungeon Crawl Stone Soup version 0.25-a0-829-g4e6a552 (webtiles) character file.

Game seed: 13433957430064597513, levelgen mode: deterministic

898 BlueFish the Magician (level 7, -5/50 HPs)
             Began as a Mummy Wizard on Apr 22, 2020.
             Was an Initiate of Kikubaaqudgha.
             Slain by a killer bee (8 damage)
             ... on level 7 of the Dungeon.
             The game lasted 00:25:04 (8634 turns).

BlueFish the Magician (Mummy Wizard)                Turns: 8634, Time: 00:25:04

Health: -5/50      AC:  3    Str: 11    XL:     7   Next: 79%
Magic:  2/17       EV: 12    Int: 19    God:    Kikubaaqudgha [......]
Gold:   323        SH:  0    Dex: 10    Spells: 10/20 levels left

rFire    . . .     SeeInvis .   m - +0 spear (pain)
rCold    + . .     Gourm    .   (no shield)
rNeg     + + +     Faith    .   a - +0 robe
rPois    ∞         Spirit   .   b - +0 hat
rElec    .         Reflect  .   e - +0 cloak
rCorr    .         Harm     .   (no gloves)
MR       .....                  (no boots)
Stlth    ++........             (no amulet)
HPRegen  0.16/turn              f - ring of wizardry
MPRegen  0.15/turn              o - ring of protection from fire

@: no status effects
A: no food or potions, fire vulnerability, cold resistance 1, negative energy
resistance 3, torment resistance, unbreathing
a: Renounce Religion


You were on level 7 of the Dungeon.
You worshipped Kikubaaqudgha.
Kikubaaqudgha was noncommittal.
You were not hungry.

You visited 2 branches of the dungeon, and saw 8 of its levels.
You also visited: Sewer.

You collected 323 gold pieces.

Inventory:

Hand Weapons
 m - a +0 spear of pain (weapon)
Armour
 a - a +0 robe (worn)
 b - a +0 hat (worn)
 e - a +0 cloak (worn)
Jewellery
 f - a ring of wizardry (left hand)
 o - a ring of protection from fire (right hand)
Wands
 n - a wand of iceblast (17)
Scrolls
 c - a scroll of immolation
 d - a scroll of blinking
 g - 2 scrolls of magic mapping
 h - 3 scrolls of remove curse
 i - 3 scrolls of teleportation
 k - a scroll of enchant armour {unknown}
 l - a scroll of fog {unknown}


   Skills:
 * Level 2.2 Fighting
   Level 2.0 Maces & Flails
 + Level 0.7 Polearms
 * Level 2.8 Dodging
 * Level 3.7 Stealth
 * Level 7.3 Spellcasting
 + Level 1.5 Conjurations
 + Level 1.6 Summonings
 + Level 0.7 Translocations
 + Level 1.0 Air Magic
 * Level 1.2 Evocations


You had 10 spell levels left.
You knew the following spells:

 Your Spells              Type           Power        Failure   Level  Hunger
a - Magic Dart            Conj           ##..         2%          1    N/A
b - Blink                 Tloc           N/A          4%          2    N/A
c - Call Imp              Summ           ##......     3%          2    N/A
d - Slow                  Hex            #.......     6%          2    N/A
e - Mephitic Cloud        Conj/Pois/Air  ##......     9%          3    N/A

Your spell library contained the following spells:

 Spells                   Type           Power        Failure   Level  Hunger
 Conjure Flame            Conj/Fire      #.......     9%          3    N/A

Dungeon Overview and Level Annotations

Branches:
Dungeon (7/15)             Temple (1/1) D:5           Sewer (visited)

Altars:
Dithmenos
Elyvilon
Fedhas
Kikubaaqudgha
Makhleb
Nemelex Xobeh
Okawaru
Qazlal
Ru
Sif Muna
Uskayaw
Wu Jian
Zin
The Shining One

Shops:
D:5 }

Annotations:
D:6 2 transporters


Innate Abilities, Weirdness & Mutations

You do not eat or drink.
Your flesh is vulnerable to fire.
You are immune to poison.
Your flesh is cold resistant. (rC+)
You are immune to negative energy. (rN+++)
You are immune to unholy pain and torment.
You can survive without breathing.


Message History

The ball explodes into a vile cloud!
The stinking cloud engulfs the killer bee but does no damage.
The stinking cloud engulfs you but does no damage.
The stinking cloud engulfs the orc but does no damage.
The killer bee is engulfed in noxious fumes.
The killer bee appears confused.
The killer bee stings you!
* * * LOW HITPOINT WARNING * * *
The killer bee is engulfed in noxious fumes.
The killer bee appears confused.
The killer bee stings the orc.
The orc is poisoned.
The killer bee poisons the orc!
The orc is engulfed in noxious fumes.
The orc appears confused.
The orc barely misses the killer bee.
The elf skeleton barely misses you.
You hit the elf skeleton.
The elf skeleton is lightly damaged.
The killer bee is engulfed in noxious fumes.
The killer bee appears confused.
The killer bee stings the orc.
The killer bee is engulfed in noxious fumes.
The killer bee appears confused.
The killer bee stings you!
You die...
Kikubaaqudgha rasps: "You have failed me!
Welcome... oblivion!"

............. .#.####
............# .......#
............# .......#
............####......#
....)........##.......##
.............##.....<..#
.........○........)....#
#.yo.............#
#@#######........# #Z#
#........# #.#
#.......## #.+ #....y..#
### #......###
#.....#..# ##..###.##
#..##..# ##... #..#...#


You could see a killer bee (confused), an orc (confused) and an elf skeleton.

Vanquished Creatures
  A bullfrog (D:6)
  2 killer bees (D:7)
  A howler monkey (D:4)
  A crimson imp (D:5)
  A hound (D:2)
  2 orc priests
  An orc wizard (D:5)
  An iguana (D:4)
  A worker ant (D:5)
  A hound zombie (D:5)
  A hound skeleton (D:6)
  8 gnolls
  4 adders
  A shadow imp (D:3)
  An adder zombie (D:5)
  3 oozes
  2 worms (D:3)
  3 dart slugs
  A leopard gecko (D:2)
  22 orcs
  2 giant cockroaches (D:3)
  9 goblins
  9 hobgoblins
  8 jackals
  A quokka (D:2)
  4 ball pythons
  11 bats
  6 frilled lizards
  5 kobolds
  10 rats
123 creatures vanquished.

Vanquished Creatures (collateral kills)
  An ice beast (D:5)
  A big kobold (Sewer)
  A water moccasin skeleton (D:5)
  A killer bee (D:7)
  3 crimson imps
  2 adders (D:6)
  2 gnolls (D:4)
  2 river rats (Sewer)
  A shadow imp (D:5)
  An adder skeleton (D:6)
  An adder zombie (D:5)
  2 worms
  4 kobolds (Sewer)
  A rat (Sewer)
23 creatures vanquished.

Grand Total: 146 creatures vanquished

Notes
Turn   | Place    | Note
-------+----------+-------------------------------------------
     0 | D:1      | BlueFish the Mummy Wizard began the quest for the Orb.
     0 | D:1      | Reached XP level 1. HP: 13/13 MP: 5/5
   343 | D:1      | Reached XP level 2. HP: 20/20 MP: 1/7
   347 | D:1      | Learned a level 2 spell: Blink
   350 | D:1      | Learned a level 2 spell: Call Imp
   353 | D:1      | Learned a level 2 spell: Slow
   465 | D:1      | Reached skill level 1 in Fighting
  1186 | D:1      | Reached XP level 3. HP: 26/26 MP: 6/9
  1191 | D:1      | Learned a level 3 spell: Mephitic Cloud
  1775 | D:2      | Reached skill level 1 in Conjurations
  2192 | D:2      | Reached skill level 5 in Spellcasting
  2192 | D:2      | Reached skill level 1 in Summonings
  2742 | D:2      | Reached XP level 4. HP: 22/32 MP: 4/11
  3670 | D:2      | Found a stormy altar of Qazlal.
  3672 | D:2      | Reached XP level 5. HP: 37/37 MP: 10/12
  3896 | D:3      | Found a sparkling altar of Nemelex Xobeh.
  4104 | D:3      | Found a white marble altar of Elyvilon.
  4141 | D:3      | Found a glowing drain.
  4148 | Sewer    | Entered a sewer
  4589 | Sewer    | Found a white marble altar of Elyvilon.
  5131 | D:3      | Reached skill level 1 in Maces & Flails
  5245 | D:3      | Reached XP level 6. HP: 32/43 MP: 11/14
  5617 | D:4      | Found a shadowy altar of Dithmenos.
  5767 | D:4      | Reached skill level 6 in Spellcasting
  6251 | D:5      | Entered Level 5 of the Dungeon
  6391 | D:5      | Noticed an ice beast
  6434 | D:5      | Killed an ice beast
  6727 | D:5      | Got a brightly glowing hunting sling
  6825 | D:5      | Found a hide-covered altar of Uskayaw.
  6916 | D:5      | Reached XP level 7. HP: 41/49 MP: 9/16
  7182 | D:5      | Found Saetzoke's Gadget Shoppe.
  7768 | D:5      | Found a staircase to the Ecumenical Temple.
  7774 | Temple   | Entered the Ecumenical Temple
  7792 | Temple   | Became a worshipper of Kikubaaqudgha
  8225 | D:6      | Reached skill level 7 in Spellcasting
  8247 | D:6      | Reached skill level 1 in Air Magic
  8363 | D:6      | Found an iron altar of Okawaru.
  8363 | D:6      | Found a blossoming altar of Fedhas.
  8367 | D:6      | Found a transporter.
  8367 | D:6      | Noticed a purple ugly thing
  8368 | D:6      | Noticed a hippogriff
  8385 | D:6      | Noticed a troll
  8394 | D:6      | Found a transporter.
  8509 | D:6      | Found a glowing silver altar of Zin.
  8579 | D:7      | Reached skill level 1 in Evocations
  8634 | D:7      | Slain by a killer bee

Levels and vault maps discovered:
D:1:      matt_arrival_spirals, layout_basic, chequers_arboretum
D:2:      layout_basic, nicolae_qazlal_eye_of_the_storm, minmay_door_square,
          minmay_misc_feat_pillars
D:3:      layout_loops_cross, nemelex_xobeh_ov_fountains_minmay, first_ration,
          cheibrodos_sewer_entry_sluice, elyvilon_altar_5
D:4:      layout_rooms, grunt_dithmenos_smoke
D:5:      minmay_skewed_foursquare, layout_cave_pods,
          eat_drink_and_be_merry_uskayaw, minmay_temple_entry_enclosed_plants,
          serial_shops, shop_fountains
D:6:      gammafunk_wand_slinger, layout_rooms, lemuel_doored_altar,
          lemuel_crystal_altar, gammafunk_temple_overflow_arena,
          minmay_ruined_shrine, uniq_eustachio, uniq_menkaure
D:7:      layout_cave_pods, overflow_temple_1_default,
          nicolae_ossuary_entry_catacombs, grunt_livestock,
          hangedman_decor_lopped, uniq_joseph
Temple:   compressed_dpeg_triangle_lava_temple

Skill      XL: |  1  2  3  4  5  6  7 |
---------------+----------------------+-----
Fighting       | 1 2 |  2.2
Stealth        | 2 3 |  3.7
Conjurations   | 1 |  1.5
Spellcasting   | 5 6 7 |  7.3
Summonings     | 1 |  1.6
Dodging        | 2 |  2.8
Maces & Flails | 1 2 |  2.0
Air Magic      | 1 |  1.0
Evocations     | 1 |  1.2
Polearms       | |  0.7
Translocations | |  0.7

Action                   |  1- 3 |  4- 6 |  7- 9 || total
-------------------------+-------+-------+-------++-------
Melee: Mace              |    55 |   106 |       ||   161
       Spear             |       |   104 |   148 ||   252
 Cast: Magic Dart        |    94 |   136 |    57 ||   287
       Call Imp          |     9 |    31 |    24 ||    64
       Mephitic Cloud    |     1 |     7 |     9 ||    17
       Blink             |       |     2 |       ||     2
  Use: Scroll            |     2 |     3 |     1 ||     6
 Stab: Confused          |       |     2 |     3 ||     5
       Distracted        |       |     1 |     1 ||     2
Armor: Robe              |    14 |    48 |    17 ||    79
Dodge: Dodged            |    44 |   131 |    80 ||   255

Table legend:
 A = Non-vault XP
 B = Vault XP
 C = Vault XP percentage of total XP
 D = Non-vault monster count
 E = Vault monster count
 F = Vault count percentage of total count
                 A         B        C        D         E       F
            +---------+---------+-------+---------+---------+-------
      Total |    1017 |     266 |  20.7 |     128 |      18 |  12.3
            +---------+---------+-------+---------+---------+-------
        D:1 |      62 |       0 |   0.0 |      27 |       0 |   0.0
        D:2 |     134 |       0 |   0.0 |      30 |       0 |   0.0
        D:3 |     139 |       7 |   4.8 |      34 |       3 |   8.1
        D:4 |     134 |       0 |   0.0 |       6 |       0 |   0.0
        D:5 |     255 |     188 |  42.4 |      18 |       6 |  25.0
        D:6 |     185 |       0 |   0.0 |      10 |       0 |   0.0
        D:7 |     108 |       0 |   0.0 |       3 |       0 |   0.0
      Sewer |       0 |      71 | 100.0 |       0 |       9 | 100.0
            +---------+---------+-------+---------+---------+-------
